 Dungeon Sprint DCSS version 0.31-a0-744-gbc345e7fcb (webtiles) character file.

Game seed: 519479430766249114

319994 rocky1 the Conqueror (level 21, -1/187 HPs)
             Began as a Djinni Fighter on Sept 13, 2023.
             Was the Champion of Cheibriados.
             Slain by Antaeus (7 damage)
             ... in the Dungeon (Sprint VII: "The Pits").
             The game lasted 00:56:05 (12956 turns).

rocky1 the Conqueror (Djinni Fighter)              Turns: 12956, Time: 00:56:07

Health: -1/187     AC: 38    Str: 37    XL:     21   Next: 99%
Gold:   311        EV: 44    Int: 21    God:    Cheibriados [******] SH: 40 Dex: 40

rFire   + + +        b - +6 double sword (flame)
rCold   + + +        L - +3 tower shield {rC+}
rNeg    + + .        i - +6 plate armour of Card Tricks {rElec rC++ rN++}
rPois   ∞            (no helmet)
rElec   +            M - +2 cloak of Darkness {SInv}
rCorr   .            C - +2 pair of gloves {Str+3}
SInv    +            (boots unavailable)
Will    +++++        w - amulet of Lugonu's Hope {Reflect Fragile rPois Slay+3 SH+5} Stlth
                     u - ring of Ethics {Wiz Will++ Str+4 Slay+3}
HPRegen 0.51/turn    z - ring "Fudeshruc" {+Blink rPois rF++ rC+ Int-3}
MPRegen 0.00/turn

%: no teleportation, reflection, wizardry (x1), infuse magic (-2 HP)
@: mighty, flying, studying 2 skills, very slow
A: sickness immunity, fire resistance 2, cold vulnerability 1, float, innate
caster, HP casting, extra vitality 1, iridescent scales 1, strong-willed 1
}: 3/3 runes: silver, golden, iron
a: Renounce Religion, Evoke Blink, Bend Time, Temporal Distortion, Slouch, Step
From Time


You were in the Dungeon.
You worshipped Cheibriados.
Cheibriados was exalted by your worship.
You visited 1 branch You collected 311 gold pieces.

Inventory:

Hand Weapons
 a - a +3 demon blade of freezing
 b - a +6 double sword of flaming (weapon)
 t - a +4 scimitar of holy wrath
Missiles
 c - 5 javelins
Armour
 i - the +6 plate armour of Card Tricks (worn) {rElec rC++ rN++}
   (You found it in the Dungeon)

   rC++:      It greatly protects you from cold.
   rElec:     It insulates you from electricity.
   rN++:      It greatly protects you from negative energy.
 C - a +2 pair of gloves of strength (worn)
 D - the orb of Dispater {+Damnation *Corrode AC+5}
   (You took it off Dispater in the Dungeon)

   +Damnation: It grants the ability to hurl damnation at the cost of health and
   magic, with strength depending on Evocations skill.
   AC+5:      It affects your AC (+5).
   *Corrode:  It may corrode you when you take damage.
 L - a +3 tower shield of cold resistance (worn)
 M - the +2 cloak of Darkness (worn) {SInv}
   (You found it in the Dungeon)

   SInv:      It lets you see invisible.
 P - the +0 helmet of Compassion {rElec rCorr}
   (You found it in the Dungeon)

   rElec:     It insulates you from electricity.
   rCorr:     It protects you from acid and corrosion.
Jewellery
 u - the ring of Ethics (left hand) {Wiz Will++ Str+4 Slay+3}
   (You took it off a frost giant in the Dungeon)

   [ring of wizardry]

   Wiz:       It improves your spell success rate.
   Str+4:     It affects your strength (+4).
   Slay+3:    It affects your accuracy & damage with ranged weapons and melee
   (+3).
   Will++:    It greatly increases your willpower.
 w - the amulet of Lugonu's Hope (around neck) {Reflect Fragile rPois Slay+3 SH+5}
   (You found it in the Dungeon)

   [amulet of reflection]

   Reflect:   It reflects blocked missile attacks.
   Slay+3:    It affects your accuracy & damage with ranged weapons and melee
   (+3).
   rPois:     It protects you from poison Fragile: It will be destroyed if
   unequipped.
   SH+5:      It affects your SH (+5).
 z - the ring "Fudeshruc" (right hand) {+Blink rPois rF++ rC+ Int-3}
   (You found it in the Dungeon)

   [ring of poison resistance]

   Int-3:     It affects your intelligence (-3).
   rF++:      It greatly protects you from fire.
   rC+:       It protects you from cold.
   rPois:     It protects you from poison +Blink: It lets you blink.
Wands
 g - a wand of acid (6)
 J - a wand of paralysis (2)
 S - a wand of mindburst (5)
Scrolls
 h - 6 scrolls of fog
 n - 2 scrolls of fear
 v - a scroll of brand weapon
Potions
 d - 3 potions of might
 e - 12 potions of curing
 f - 9 potions of heal wounds
 o - a potion of enlightenment
 p - 5 potions of brilliance
 q - 4 potions of mutation
 G - 3 potions of berserk rage
 H - 2 potions of resistance
Miscellaneous
 m - a phial of floods
 x - a condenser vane
 I - a lightning rod (4/4)


   Skills:
 O Level 27 Fighting
 O Level 27 Long Blades
 O Level 27 Armour
 O Level 27 Dodging
 + Level 5.2 Stealth
 O Level 27 Shields
 O Level 27 Spellcasting
 O Level 27 Conjurations
 O Level 27 Hexes
 O Level 27 Summonings
 O Level 27 Necromancy
 O Level 27 Translocations
 O Level 27 Transmutations
 O Level 27 Fire Magic
 O Level 27 Ice Magic
 O Level 27 Air Magic
 O Level 27 Earth Magic
 O Level 27 Poison Magic
 + Level 13.8 Invocations
 O Level 27 Evocations


You knew the following spells:

 Your Spells              Type           Power      Damage    Failure   Level
a - Foxfire               Conj/Fire      100%       2x1d9     0%          1
b - Passwall              Tmut/Erth      80%        N/A       0%          2
c - Tukima's Dance        Hex            96%        N/A       0%          3
d - Confusing Touch       Hex            96%        N/A       0%          3
e - Summon Forest         Summ/Tloc      48%        N/A       0%          5
f - Lee's Rapid Deconstr  Erth           48%        3d23*     0%          5
g - Summon Cactus Giant   Summ           48%        N/A       0%          6
h - Death Channel         Necr           48%        N/A       0%          6
i - Conjure Ball Lightni  Conj/Air       48%        3x3d17    0%          6
j - Summon Hydra          Summ           48%        N/A       1%          7
Your spell library was empty.

Dungeon Overview and Level Annotations

Branches:
Dungeon (1/1)

Altars:
Ashenzari
Cheibriados
Dithmenos
Elyvilon
Fedhas
Gozag
Hepliaklqana
Makhleb
Nemelex Xobeh
Okawaru
Qazlal
Ru
Trog
Uskayaw
Wu Jian
Xom
Yredelemnul
Zin
The Shining One
Jiyva
Lugonu

Annotations:
D Antaeus, Geryon


Innate Abilities, Weirdness & Mutations

You are immune to sickness and miasma.
You are immune to poison.
Your flesh is very heat resistant. (rF++)
You are vulnerable to cold. (rC-)
You float through the air rather than walking.
You learn spells naturally, not from books.
Your magical power is your life essence.
You have superior vitality. (+4 MHP)
You are partially covered in iridescent scales. (AC +2)
You are strong-willed. (Will+)


Message History

You slice Antaeus!! You burn Antaeus!!
Antaeus is severely wounded.
You block Geryon's attack. You block the hell beast's attack.
The hell beast completely misses you. You block Antaeus's attack.
Antaeus hits you but does no damage.
You carve Antaeus like a ham!!! You burn Antaeus!
Antaeus is severely wounded.
The hell beast howls, "Beg for mercy, thou villainous flat-headed lewdster!"
You block the hell beast's attack. x2; Geryon completely misses you.
You block the hell beast's attack. x2
You hit Antaeus but do no damage.
Antaeus is severely wounded.
You block Antaeus's attack. Antaeus hits you but does no damage.
You block the hell beast's attack. x2; The hell beast completely misses you.
You block the hell beast's attack.
You hit Antaeus but do no damage.
Antaeus is severely wounded.
You block the hell beast's attack. x2
Geryon winds a great silver horn.
Antaeus gestures at you. The bolt of lightning hits you!! You resist.
* * * LOW HITPOINT WARNING * * *
You block the hell beast's attack. The hell beast completely misses you.
You slice Antaeus!! You burn Antaeus.
Antaeus is severely wounded.
You block the hell beast's attack. x2; The hell beast misses you.
The hell beast completely misses you. You block Geryon's attack.
You hit Antaeus. You burn Antaeus.
Antaeus is severely wounded.
You block Antaeus's attack. Antaeus closely misses you.
The hell beast bites you but does no damage.
You block the hell beast's attack. x3
You slice Antaeus like a ripe choko!!! You burn Antaeus!
Antaeus is almost dead.
The hell beast completely misses you. You block the hell beast's attack.
You block Geryon's attack. You block the hell beast's attack.
The hell beast misses you. Antaeus hits you!!!
* * * LOW HITPOINT WARNING * * *
Antaeus freezes you! You resist.
You die...
Antaeus says, "Your soul will be trapped in ice for ten thousand years."

#........##.................##.##
'......)[##........&........###'.
#######.###.................# #..
.........###...............## #).
.........# ###...........### #.##
####.##### ##''######### ##
..#......######'&################
))...)...##....C22...##.....#..#.
))...)...##)....@2...##.....#..#.
).#.....(''(.#....#..#####''#''##
).#.....[''(.........##..........
###########[.........##).)..#.)..
###########..#....#..##..#)..).#)
.........''..........##....)#))).
.........''..........##...))))...
#######..##..#....#..#####)[#''##
#.#.#.#..##..........''....)#..#[


You could see Antaeus, Geryon and 3 hell beasts.

Vanquished Creatures
  Dissolution (D)
  the Royal Jelly (D)
  Ignacio (D)
  Mnoleg (D)
  Dispater (D)
  3 ancient liches (D)
  Mara (D)
  2 orbs of fire (D)
  6 royal mummies (D)
  Boris (D)
  Frederick (D)
  the Lernaean hydra (D)
  Margery (D)
  2 curse toes (D)
  2 golden dragons (D)
  Nikola (D)
  2 pearl dragons (D)
  A profane servitor (D)
  A bone dragon (D)
  2 electric golems (D)
  4 Tzitzimimeh (D)
  A Brimstone Fiend (D)
  2 hellephants (D)
  A tentacled monstrosity (D)
  3 Hell Sentinels (D)
  10 Orb Guardians (D)
  17 titans (D)
  2 liches (D)
  4 Ice Fiends (D)
  2 quicksilver dragons (D)
  7 pandemonium lords (D)
  4 deep elf blademasters (D)
  2 deep elf master archers (D)
  Frances (D)
  2 sphinxes (D)
  5 acid blobs (D)
  An Executioner (D)
  5 storm dragons (D)
  4 nagarajas (D)
  18 frost giants (D)
  6 rockslimes (D)
  An iron dragon (D)
  2 azure jellies (D)
  An emperor scorpion (D)
  2 deep elf sorcerers (D)
  10 fire giants (D)
  2 balrugs (D)
  2 ghost moths (D)
  2 draconian scorchers (D)
  3 orc warlords (D)
  An angel (D)
  5 quicksilver oozes (D)
  A war gargoyle (D)
  2 cacodemons (D)
  19 stone giants (D)
  2 deep elf demonologists (D)
  4 black draconians (D)
  2 green draconians (D)
  A vampire knight (D)
  2 red draconians (D)
  A deep elf annihilator (D)
  2 apis (D)
  3 white draconians (D)
  2 dire elephants (D)
  A minotaur (D)
  2 purple draconians (D)
  2 yellow draconians (D)
  4 green deaths (D)
  3 blizzard demons (D)
  A merfolk javelineer (D)
  15 ettins (D)
  3 fire dragons (D)
  3 deep elf high priests (D)
  2 mummy priests (D)
  3 ice dragons (D)
  8 vault guards (D)
  A hydra (D)
  A great orb of eyes (D)
  An ogre mage (D)
  3 centaur warriors (D)
  A hell beast (D)
  Erolcha (D)
  A spriggan air mage (D)
  2 alligators (D)
  A catoblepas (D)
  A merfolk avatar (D)
  2 death knights (D)
  2 anacondas (D)
  2 iron elementals (D)
  3 deep troll shamans (D)
  A death yak (D)
  4 naga warriors (D)
  A spriggan berserker (D)
  4 hell hogs (D)
  A naga sharpshooter (D)
  4 vampire magi (D)
  Sonja (D)
  A skyshark (shapeshifter) (D)
  A soul eater (D)
  3 deep elf knights (D)
  A fire crab (D)
  A cherub (D)
  15 hell knights (D)
  An iron troll (D)
  A sea snake (D)
  A spriggan druid (D)
  A death drake (D)
  2 lindwurms (D)
  4 deep trolls (D)
  A swamp dragon (D)
  A flayed ghost (D)
  16 wizards (D)
  14 necromancers (D)
  11 orc knights (D)
  2 deep elf pyromancers (D)
  A wolf spider (D)
  A mana viper (shapeshifter) (D)
  An orc sorcerer (D)
  10 cyclopes (D)
  An ugly thing (D)
  2 moths of wrath (D)
  An elephant (shapeshifter) (D)
  An elephant (D)
  A guardian serpent (shapeshifter) (D)
  2 black mambas (D)
  A rust devil (D)
  3 guardian serpents (D)
  A gargoyle (D)
  2 naga magi (D)
  Joseph (D)
  A smoke demon (D)
  An efreet (D)
  3 hellions (D)
  An unseen horror (D)
  2 freezing wraiths (D)
  A kobold demonologist (D)
  An ice devil (D)
  2 tormentors (D)
  A rime drake (D)
  2 cane toads (D)
  A yaktaur (D)
  A red devil (D)
  4 merfolk (D)
  A troll (D)
  A tyrant leech (D)
  A tarantella (D)
  A snapping turtle (D)
  2 jumping spiders (D)
  A flying skull (D)
  2 air elementals (D)
  A large abomination (D)
  3 vampires (D)
  A spriggan (D)
  A wyvern (D)
  A yak (shapeshifter) (D)
  A shadow (D)
  12 humans (D)
  A ynoxinul (D)
  3 golden eyes (D)
  A basilisk (D)
  3 chaos spawn (D)
  3 redbacks (D)
  A neqoxec (D)
  4 vampire mosquitoes (D)
  3 wargs (D)
  2 nagas (D)
  2 acid dragons (D)
  3 orc warriors (D)
  A swamp drake (D)
  2 black bears (D)
  A sky beast (D)
  A centaur (D)
  An ogre (D)
  A wolf (D)
  A kobold brigand (D)
  A bullfrog (D)
  A necrophage (D)
  A scorpion (D)
  An earth elemental (D)
  6 killer bees (D)
  2 orc priests (D)
  A gnoll bouda (D)
  An iguana (D)
  5 orc wizards (D)
  A hell rat (D)
  A mummy (D)
  2 adders (D)
  A river rat (D)
  A white imp (D)
  3 ufetubi (D)
  An adder zombie (D)
  An adder simulacrum (D)
  9 orcs (D)
  2 bats (D)
  An endoplasm (D)
  3 giant cockroaches (D)
  4 jackals (D)
  A ball python simulacrum (D)
  A ball python skeleton (D)
  A frilled lizard (D)
  A giant cockroach zombie (D)
  2 kobolds (D)
  2 rats (D)
  4 ball lightnings (D)
541 creatures vanquished.

Vanquished Creatures (others)
  A lich (D)
  2 fire giants (D)
  An azure jelly (D)
  A reaper (D)
  A purple draconian (D)
  A hellion (D)
  A warg (D)
  A floating eye (D)
  An orc warrior (D)
  An ogre (D)
  An orc priest (D)
  A ball lightning (D)
13 creatures vanquished.

Grand Total: 554 creatures vanquished

Notes
Turn   | Place    | Note
-------+----------+-------------------------------------------
     0 | D        | rocky1 the Djinni Fighter began the quest for the Orb.
     0 | D        | Reached XP level 1. HP: 20/20 MP: 0/0
    28 | D        | Found a bloodstained altar of Trog.
    28 | D        | Found a viscous altar of Jiyva.
    28 | D        | Found a hazy altar of Hepliaklqana.
    28 | D        | Found an opulent altar of Gozag.
    51 | D        | Found a glowing golden altar of the Shining One.
    51 | D        | Found a glowing silver altar of Zin.
    51 | D        | Found a basalt altar of Yredelemnul.
    51 | D        | Found a shimmering altar of Xom.
    51 | D        | Found an ornate altar of the Wu Jian Council.
    51 | D        | Found a sacrificial altar of Ru.
    51 | D        | Found a stormy altar of Qazlal.
    51 | D        | Found an iron altar of Okawaru.
    51 | D        | Found a sparkling altar of Nemelex Xobeh.
    51 | D        | Found a burning altar of Makhleb.
    51 | D        | Found a blossoming altar of Fedhas.
    51 | D        | Found a white marble altar of Elyvilon.
    51 | D        | Found a shadowy altar of Dithmenos.
    51 | D        | Found a snail-covered altar of Cheibriados.
    54 | D        | Found a corrupted altar of Lugonu.
    55 | D        | Found a hide-covered altar of Uskayaw.
    55 | D        | Found a broken altar of Ashenzari.
    62 | D        | Became a worshipper of Cheibriados the Contemplative
    82 | D        | Reached XP level 2. HP: 25/25 MP: 0/0
    87 | D        | Reached * piety under Cheibriados
    94 | D        | Reached ** piety under Cheibriados
   102 | D        | Reached *** piety under Cheibriados
   104 | D        | Reached XP level 3. HP: 31/31 MP: 0/0
   104 | D        | Learned a level 1 spell: Foxfire
   219 | D        | Reached **** piety under Cheibriados
   222 | D        | Noticed a bullfrog
   227 | D        | Killed a bullfrog
   228 | D        | Reached skill level 5 in Armour
   228 | D        | Reached skill level 5 in Shields
   228 | D        | Reached XP level 4. HP: 29/38 MP: 0/0
   233 | D        | Reached ***** piety under Cheibriados
   234 | D        | Reached skill level 5 in Fighting
   234 | D        | Reached XP level 5. HP: 32/43 MP: 0/0
   234 | D        | Learned a level 2 spell: Passwall
   392 | D        | Reached XP level 6. HP: 49/49 MP: 0/0
   396 | D        | Noticed a sky beast
   396 | D        | Noticed a wolf
   396 | D        | Noticed a flying skull
   417 | D        | Killed a flying skull
   418 | D        | Reached skill level 5 in Long Blades
   421 | D        | Killed a wolf
   422 | D        | Reached XP level 7. HP: 31/56 MP: 0/0
   422 | D        | Learned a level 3 spell: Tukima's Dance
   425 | D        | Reached ****** piety under Cheibriados
   426 | D        | Reached skill level 5 in Invocations
   534 | D        | Noticed a cane toad
   538 | D        | Killed a cane toad
   539 | D        | Reached skill level 5 in Dodging
   539 | D        | Reached XP level 8. HP: 64/64 MP: 0/0
   715 | D        | Noticed a tarantella
   715 | D        | Noticed a rime drake
   716 | D        | Killed a tarantella
   716 | D        | Killed a rime drake
   842 | D        | Noticed a cane toad
   842 | D        | Noticed Joseph
   853 | D        | Killed a cane toad
   854 | D        | Reached XP level 9. HP: 30/71 MP: 0/0
   854 | D        | Learned a level 3 spell: Confusing Touch
   865 | D        | Killed Joseph
  1036 | D        | Noticed a black mamba
  1047 | D        | Killed a black mamba
  1048 | D        | Reached skill level 10 in Armour
  1048 | D        | Reached skill level 1 in Stealth
  1156 | D        | Noticed a snapping turtle
  1159 | D        | Noticed a tyrant leech
  1159 | D        | Noticed a lindwurm
  1162 | D        | Reached skill level 10 in Long Blades
  1163 | D        | Killed a lindwurm
  1164 | D        | Reached XP level 10. HP: 46/78 MP: 0/0
  1246 | D        | Noticed a freezing wraith
  1251 | D        | Reached skill level 1 in Spellcasting
  1251 | D        | Reached skill level 1 in Conjurations
  1251 | D        | Reached skill level 1 in Hexes
  1251 | D        | Reached skill level 1 in Summonings
  1251 | D        | Reached skill level 1 in Necromancy
  1251 | D        | Reached skill level 1 in Translocations
  1251 | D        | Reached skill level 1 in Transmutations
  1251 | D        | Reached skill level 1 in Fire Magic
  1251 | D        | Reached skill level 1 in Ice Magic
  1251 | D        | Reached skill level 1 in Air Magic
  1251 | D        | Reached skill level 1 in Earth Magic
  1251 | D        | Reached skill level 1 in Poison Magic
  1251 | D        | Reached skill level 10 in Invocations
  1256 | D        | Killed a freezing wraith
  1257 | D        | Reached skill level 10 in Fighting
  1287 | D        | Noticed a kobold demonologist
  1292 | D        | Noticed a cyclops
  1299 | D        | Noticed a sun demon
  1299 | D        | Killed a kobold demonologist
  1304 | D        | Killed a cyclops
  1374 | D        | Noticed a wolf spider
  1375 | D        | Noticed an anaconda
  1376 | D        | Noticed a smoke demon
  1377 | D        | Killed a wolf spider
  1378 | D        | Reached XP level 11. HP: 7/86 MP: 0/0
  1378 | D        | Learned a level 5 spell: Summon Forest
  1402 | D        | Killed an anaconda
  1622 | D        | Noticed a deep elf pyromancer
  1626 | D        | Reached skill level 10 in Shields
  1631 | D        | Killed a deep elf pyromancer
  1664 | D        | Noticed a flayed ghost
  1666 | D        | Noticed an elephant
  1673 | D        | Killed a flayed ghost
  1678 | D        | Killed an elephant
  1683 | D        | Noticed Sonja
  1684 | D        | Killed Sonja
  1969 | D        | Noticed Erolcha
  1974 | D        | Killed Erolcha
  1975 | D        | Reached skill level 5 in Spellcasting
  1975 | D        | Reached skill level 5 in Conjurations
  1975 | D        | Reached skill level 5 in Hexes
  1975 | D        | Reached skill level 5 in Summonings
  1975 | D        | Reached skill level 5 in Necromancy
  1975 | D        | Reached skill level 5 in Translocations
  1975 | D        | Reached skill level 5 in Transmutations
  1975 | D        | Reached skill level 5 in Fire Magic
  1975 | D        | Reached skill level 5 in Ice Magic
  1975 | D        | Reached skill level 5 in Air Magic
  1975 | D        | Reached skill level 5 in Earth Magic
  1975 | D        | Reached skill level 5 in Poison Magic
  1975 | D        | Reached XP level 12. HP: 79/96 MP: 0/0
  1993 | D        | Noticed a sea snake
  1994 | D        | Noticed a fire crab
  2001 | D        | Killed a sea snake
  2011 | D        | Killed a fire crab
  2162 | D        | Noticed a deep troll
  2168 | D        | Killed a deep troll
  2318 | D        | Noticed a naga sharpshooter
  2318 | D        | Noticed a merfolk avatar
  2318 | D        | Noticed an ice dragon
  2318 | D        | Noticed a bone dragon
  2318 | D        | Noticed a fire giant
  2323 | D        | Killed a fire giant
  2323 | D        | Killed a merfolk avatar
  2326 | D        | Killed an ice dragon
  2327 | D        | Reached skill level 10 in Dodging
  2331 | D        | Killed a bone dragon
  2338 | D        | Killed a naga sharpshooter
  2341 | D        | Got the amulet of Lugonu's Hope {Reflect Fragile rPois
                  | Slay+3 SH+5}
  2356 | D        | Got the ring "Fudeshruc" {+Blink rPois rF++ rC+ Int-3}
  2526 | D        | Noticed a swamp dragon
  2528 | D        | Noticed a vampire knight
  2539 | D        | Killed a vampire knight
  2540 | D        | Reached XP level 13. HP: 106/106 MP: 0/0
  2540 | D        | Learned a level 5 spell: Lee's Rapid Deconstruction
  2571 | D        | Noticed an ogre mage
  2573 | D        | Reached skill level 15 in Long Blades
  2586 | D        | Killed an ogre mage
  2587 | D        | Reached skill level 15 in Fighting
  2618 | D        | Noticed an alligator
  2624 | D        | Killed an alligator
  2627 | D        | Noticed an alligator
  2632 | D        | Killed an alligator
  2659 | D        | Noticed a great orb of eyes
  2665 | D        | Killed a great orb of eyes
  2892 | D        | Noticed a centaur warrior
  2900 | D        | Killed a centaur warrior
  3088 | D        | Noticed an orc warlord
  3088 | D        | Noticed an orc warlord
  3090 | D        | Noticed an anaconda
  3091 | D        | Noticed a dire elephant
  3092 | D        | Killed an anaconda
  3092 | D        | Noticed a vault guard
  3093 | D        | Noticed a fire dragon
  3094 | D        | Reached skill level 15 in Shields
  3094 | D        | Reached XP level 14. HP: 92/116 MP: 0/0
  3094 | D        | Killed an orc warlord
  3095 | D        | Killed an orc warlord
  3097 | D        | Noticed a deep elf blademaster
  3101 | D        | Killed a deep elf blademaster
  3206 | D        | Killed a dire elephant
  3207 | D        | Reached skill level 10 in Spellcasting
  3207 | D        | Reached skill level 10 in Conjurations
  3207 | D        | Reached skill level 10 in Hexes
  3207 | D        | Reached skill level 10 in Summonings
  3207 | D        | Reached skill level 10 in Necromancy
  3207 | D        | Reached skill level 10 in Translocations
  3207 | D        | Reached skill level 10 in Transmutations
  3207 | D        | Reached skill level 10 in Fire Magic
  3207 | D        | Reached skill level 10 in Ice Magic
  3207 | D        | Reached skill level 10 in Air Magic
  3207 | D        | Reached skill level 10 in Earth Magic
  3207 | D        | Reached skill level 10 in Poison Magic
  3710 | D        | Noticed an emperor scorpion
  3717 | D        | Killed an emperor scorpion
  3720 | D        | Reached skill level 15 in Dodging
  3724 | D        | Identified the +1 falchion "Tamias" {venom, +Blink rC+}
  3724 | D        | Noticed a nagaraja
  3741 | D        | Killed a nagaraja
  3930 | D        | Noticed a nagaraja
  3931 | D        | Noticed a black draconian
  3932 | D        | Noticed a yellow draconian
  3943 | D        | Killed a nagaraja
  3948 | D        | Killed a black draconian
  3953 | D        | Killed a yellow draconian
  3971 | D        | Reached XP level 15. HP: 51/126 MP: 0/0
  3971 | D        | Learned a level 6 spell: Summon Cactus Giant
  4050 | D        | Identified the +11 quarterstaff "Beiseag" {drain, rElec rC+
                  | rN+}
  4052 | D        | Noticed a frost giant
  4063 | D        | Killed a frost giant
  4105 | D        | Identified the ring "Toeny" {Will+ Int+6 Dex+2}
  4231 | D        | Noticed a deep elf sorcerer
  4239 | D        | Killed a deep elf sorcerer
  4246 | D        | Noticed a frost giant
  4246 | D        | Noticed a cacodemon
  4254 | D        | Killed a frost giant
  4262 | D        | Killed a cacodemon
  4459 | D        | Got the +0 helmet of Compassion {rElec rCorr}
  4547 | D        | Noticed a nagaraja
  4548 | D        | Noticed a stone giant
  4548 | D        | Noticed a deep elf master archer
  4549 | D        | Noticed an Ice Fiend
  4549 | D        | Noticed an angel
  4551 | D        | Noticed a frost giant
  4553 | D        | Killed a nagaraja
  4554 | D        | Killed a deep elf master archer
  4554 | D        | Killed a stone giant
  4560 | D        | Killed a frost giant
  4753 | D        | Killed an angel
  5042 | D        | Noticed a war gargoyle
  5050 | D        | Killed a war gargoyle
  5127 | D        | Noticed Frederick
  5133 | D        | Reached XP level 16. HP: 101/151 MP: 0/0
  5134 | D        | Reached skill level 27 in Fighting
  5140 | D        | Killed Frederick
  5410 | D        | Got the ring "Ebidup" {Fire rPois Dex+5}
  5418 | D        | Got a silver rune of Zot
  5579 | D        | Noticed an Ice Fiend
  5584 | D        | Killed an Ice Fiend
  5591 | D        | Noticed a titan
  5595 | D        | Killed a titan
  5597 | D        | Noticed a deep elf master archer
  5598 | D        | Killed a deep elf master archer
  5700 | D        | Noticed a pearl dragon
  5704 | D        | Killed a pearl dragon
  5761 | D        | Noticed a curse toe
  5766 | D        | Killed a curse toe
  5868 | D        | Noticed a golden dragon
  5868 | D        | Noticed a royal mummy
  5868 | D        | Noticed a Tzitzimitl
  5868 | D        | Noticed a frost giant
  5868 | D        | Noticed a Tzitzimitl
  5878 | D        | Killed a Tzitzimitl
  5881 | D        | Killed a Tzitzimitl
  5884 | D        | Noticed an emperor scorpion
  5884 | D        | Noticed an emperor scorpion
  5884 | D        | Noticed an emperor scorpion
  5884 | D        | Killed a frost giant
  5884 | D        | Killed a golden dragon
  5885 | D        | Reached XP level 17. HP: 41/160 MP: 0/0
  5885 | D        | Learned a level 6 spell: Death Channel
  5897 | D        | Killed a royal mummy
  6311 | D        | Noticed a curse toe
  6316 | D        | Killed a curse toe
  6496 | D        | Noticed a royal mummy
  6501 | D        | Killed a royal mummy
  6782 | D        | Noticed the 27-headed Lernaean hydra
  6785 | D        | Killed the 25-headed Lernaean hydra
  6805 | D        | Noticed Murphet the pandemonium lord
  6818 | D        | Paralysed by Murphet for 4 turns
  6823 | D        | Killed Murphet the pandemonium lord
  6897 | D        | Noticed Dissolution
  6901 | D        | Killed Dissolution
  6902 | D        | Reached skill level 27 in Long Blades
  6922 | D        | Noticed a titan
  6922 | D        | Noticed a titan
  6922 | D        | Noticed a titan
  6922 | D        | Noticed a titan
  6957 | D        | Killed a titan
  6988 | D        | Killed a titan
  6995 | D        | Killed a titan
  7002 | D        | Noticed a titan
  7007 | D        | Killed a titan
  7008 | D        | Noticed a titan
  7047 | D        | Killed a titan
  7183 | D        | Noticed a titan
  7185 | D        | Reached XP level 18. HP: 100/167 MP: 0/0
  7192 | D        | Killed a titan
  7366 | D        | Noticed a titan
  7368 | D        | Killed a titan
  7393 | D        | Noticed a titan
  7397 | D        | Reached skill level 27 in Shields
  7404 | D        | Killed a titan
  7448 | D        | Noticed a titan
  7448 | D        | Noticed a titan
  7460 | D        | Noticed a titan
  7462 | D        | Reached skill level 15 in Armour
  7464 | D        | Killed a titan
  7467 | D        | Killed a titan
  7475 | D        | Killed a titan
  7571 | D        | Identified the ring of Ethics {Wiz Will++ Str+4 Slay+3}
  7591 | D        | Noticed a titan
  7594 | D        | Identified the amulet "Zovvutoo" {Spirit rF+ Regen+}
  7603 | D        | Killed a titan
  7634 | D        | Killed a titan
  7877 | D        | Got the amulet "Biugarhu" {Faith Int+6}
  7911 | D        | Got a golden rune of Zot
  7922 | D        | Got the +6 plate armour of Card Tricks {rElec rC++ rN++}
  8096 | D        | Noticed a Hell Sentinel
  8103 | D        | Killed a Hell Sentinel
  8251 | D        | Noticed an ancient lich
  8254 | D        | Killed an ancient lich
  8255 | D        | Reached XP level 19. HP: 174/174 MP: 0/0
  8255 | D        | Learned a level 6 spell: Conjure Ball Lightning
  8419 | D        | Noticed a titan
  8422 | D        | Killed a titan
  8423 | D        | Reached skill level 27 in Armour
  8425 | D        | Noticed a royal mummy
  8431 | D        | Killed a royal mummy
  8605 | D        | Noticed a titan
  8608 | D        | Killed a titan
  8612 | D        | Noticed a deep elf blademaster
  8619 | D        | Killed a deep elf blademaster
  8826 | D        | Noticed a Tzitzimitl
  8832 | D        | Killed a Tzitzimitl
  9161 | D        | Noticed Cott the pandemonium lord
  9175 | D        | Killed Cott the pandemonium lord
  9216 | D        | Noticed Nolituj the pandemonium lord
  9231 | D        | Reached skill level 15 in Spellcasting
  9231 | D        | Reached skill level 15 in Conjurations
  9231 | D        | Reached skill level 15 in Hexes
  9231 | D        | Reached skill level 15 in Summonings
  9231 | D        | Reached skill level 15 in Necromancy
  9231 | D        | Reached skill level 15 in Translocations
  9231 | D        | Reached skill level 15 in Transmutations
  9231 | D        | Reached skill level 15 in Fire Magic
  9231 | D        | Reached skill level 15 in Ice Magic
  9231 | D        | Reached skill level 15 in Air Magic
  9231 | D        | Reached skill level 15 in Earth Magic
  9231 | D        | Reached skill level 15 in Poison Magic
  9240 | D        | Killed Nolituj the pandemonium lord
  9347 | D        | Noticed a pearl dragon
  9350 | D        | Killed a pearl dragon
  9359 | D        | Noticed an Ice Fiend
  9363 | D        | Killed an Ice Fiend
  9366 | D        | Noticed Pymeoqae the pandemonium lord
  9369 | D        | Noticed a Hell Sentinel
  9371 | D        | Noticed the Royal Jelly
  9373 | D        | Killed Pymeoqae the pandemonium lord
  9379 | D        | Noticed Nikola
  9385 | D        | Noticed a royal mummy
  9405 | D        | Killed Nikola
  9410 | D        | Killed a Hell Sentinel
  9419 | D        | Killed a royal mummy
  9430 | D        | Killed the Royal Jelly
  9616 | D        | Noticed Dispater
  9617 | D        | Noticed Wostrox the pandemonium lord
  9627 | D        | Killed Wostrox the pandemonium lord
  9643 | D        | Noticed a Hell Sentinel
  9650 | D        | Killed Dispater
  9904 | D        | Noticed an electric golem
  9907 | D        | Noticed Mnoleg
  9908 | D        | Killed an electric golem
  9910 | D        | Noticed an orb of fire
  9922 | D        | Gained mutation: You occasionally shout uncontrollably at
                  | your foes. [an orb of fire]
  9923 | D        | Killed an orb of fire
  9927 | D        | Noticed a tentacled monstrosity
  9930 | D        | Killed Mnoleg
  9931 | D        | Reached XP level 20. HP: 158/181 MP: 0/0
  9931 | D        | Noticed Feoluqig the pandemonium lord
  9948 | D        | Killed Feoluqig the pandemonium lord
  9948 | D        | Noticed Ignacio
  9957 | D        | Killed Ignacio
  9958 | D        | Reached skill level 27 in Dodging
  9995 | D        | Noticed an Ice Fiend
  9999 | D        | Killed an Ice Fiend
 10000 | D        | Noticed Jitiusud the pandemonium lord
 10002 | D        | Killed Jitiusud the pandemonium lord
 10003 | D        | Reached skill level 15 in Evocations
 10206 | D        | Noticed a royal mummy
 10218 | D        | Killed a royal mummy
 10474 | D        | Noticed an ancient lich
 10476 | D        | Killed an ancient lich
 10596 | D        | Got the ring "Onluafuv" {rC+ Slay+3}
 10622 | D        | Got the ring "Muatetax" {Fire rN+ Str+2}
 10625 | D        | Got the +2 cloak of Darkness {SInv}
 10640 | D        | Got an iron rune of Zot
 10643 | D        | Got the amulet "Liarchel" {Faith Contam rC+++ Will+ Int+3}
 10647 | D        | Got the ring "Umaurut" {Drain MP+9 Str+3 Int+3 Dex+4}
 10652 | D        | Got the ring of Viezatu {rPois Int+5}
 10656 | D        | Got the ring of Xais {EV+5 Str+2}
 10658 | D        | Got the ring "Ovirchymn" {rPois Str+6 Int+4 Dex+3 SInv}
 10779 | D        | Noticed Frances
 10781 | D        | Noticed a Tzitzimitl
 10783 | D        | Noticed an Ice Fiend
 10787 | D        | Killed Frances
 11067 | D        | Noticed a royal mummy
 11079 | D        | Killed a royal mummy
 11247 | D        | Got the ring "Tazxoiw" {rN+ EV+6 Dex+3}
 11249 | D        | Got the ring of Wywel {rElec rPois rN+ Str+7 Int-3}
 11253 | D        | Got the ring "Puklisutz" {EV+6 Int+2 Dex+3}
 11255 | D        | Got the ring of the Hippogriff {rN+ Str+6 Dex+2 Slay+2}
 11258 | D        | Got the ring "Manous" {*Corrode rC- rN+ Dex+6 SInv}
 11262 | D        | Got the ring "Bimiogg" {Wiz rC+ Stlth+}
 11264 | D        | Got the ring "Etuta" {Str+2 Int+6}
 11266 | D        | Got the ring of Tutaol {Wiz Will+ rCorr MP+9 Dex-4}
 11268 | D        | Got the ring "Coajent" {Ice Str+2 Int+2 SInv}
 11270 | D        | Got the ring "Yhiky" {Str+5 Int+6}
 11273 | D        | Got the ring of Fedhas, Freezing {rElec rPois Int+6 Dex+3}
 11275 | D        | Got the ring of the Dragon {rC+ rCorr}
 11277 | D        | Got the ring "Fiest" {rF+ Int+6 SInv Stlth-}
 11289 | D        | Got the amulet "Kof Goad" {Spirit Will+ Dex+3}
 11291 | D        | Got the amulet "Meskythu" {*Corrode rElec Regen+ Dex+4}
 11293 | D        | Got the amulet "Wirhi" {Spirit rC+}
 11353 | D        | Got the amulet "Niojyag" {Faith rF+++ Int+4 Dex-3 SInv}
 11355 | D        | Got the ring of Weulich {rPois Will+ rCorr Int+5}
 11358 | D        | Got the amulet "Mong" {Regen+ Int+3}
 11361 | D        | Got the ring of the Sun {rElec Will+ Str+8 Int+5 Dex-3}
 11364 | D        | Got the amulet "Atsuar" {Reflect rF+ Will+ Regen+ Str-5
                  | SH+5}
 11366 | D        | Got the amulet "Kippeum" {Faith rF- Str+9 Int-2 Dex+2}
 11368 | D        | Got the ring "Giupp" {Fire MP+9 Str+4 Int+3}
 11370 | D        | Got the ring "Meru" {rF- rCorr Int+5 Slay+5}
 11372 | D        | Got the amulet "Uproxt" {RegenMP rElec rC+ rCorr Dex-2}
 11376 | D        | Got the ring of Lucidity {*Corrode rF+ MP+9 Str+3 Int-4}
 11379 | D        | Got the ring "Nibazalar" {Will+ Int+3 Dex+3}
 11487 | D        | Upgraded the game from 0.31-a0-743-g45f7035092 to
                  | 0.31-a0-744-gbc345e7fcb
 11489 | D        | Noticed Mara
 11492 | D        | Noticed an Ice Fiend
 11497 | D        | Noticed a profane servitor
 11501 | D        | Killed an Ice Fiend
 11504 | D        | Noticed a golden dragon
 11505 | D        | Killed a profane servitor
 11510 | D        | Noticed rocky1's illusion
 11512 | D        | Killed a golden dragon
 11516 | D        | Killed Mara
 11552 | D        | Reached XP level 21. HP: 97/187 MP: 0/0
 11552 | D        | Learned a level 7 spell: Summon Hydra
 11905 | D        | Noticed an ancient lich
 11915 | D        | Killed an ancient lich
 12288 | D        | Got the amulet "Wetwoa" {Faith Harm Will+}
 12290 | D        | Got the ring of the Genius {*Corrode rPois rC+ MP+9 SInv}
 12292 | D        | Got the amulet "Uxtiwem" {RegenMP rF+}
 12294 | D        | Got the amulet "Pitoc" {RegenMP rPois Slay+3}
 12296 | D        | Got the amulet of Happiness {RegenMP rN+}
 12298 | D        | Got the ring "Kunlimel" {Wiz rC++}
 12300 | D        | Got the ring of the Louse {rCorr Int+4 SInv}
 12302 | D        | Got the amulet "Raup" {Spirit rC++ Dex-5 Slay+3}
 12399 | D        | Noticed Margery
 12451 | D        | Killed Margery
 12524 | D        | Noticed Boris
 12527 | D        | Noticed an orb of fire
 12527 | D        | Noticed a Brimstone Fiend
 12537 | D        | Gained mutation: You sometimes lose your temper in combat.
                  | [an orb of fire]
 12540 | D        | Killed an orb of fire
 12548 | D        | Killed Boris
 12556 | D        | Killed a Brimstone Fiend
 12816 | D        | Lost mutation: You sometimes lose your temper in combat.
                  | [potion of mutation]
 12816 | D        | Lost mutation: You occasionally shout uncontrollably at
                  | your foes. [potion of mutation]
 12816 | D        | Gained mutation: You have a pair of small horns on your
                  | head. [potion of mutation]
 12816 | D        | Gained mutation: Your body sometimes deteriorates upon
                  | taking damage. [potion of mutation]
 12816 | D        | Gained mutation: You have hidden genetic potential. [potion
                  | of mutation]
 12817 | D        | Lost mutation: You have hidden genetic potential. [potion
                  | of mutation]
 12817 | D        | Lost mutation: You have a pair of small horns on your head.
                  | [potion of mutation]
 12817 | D        | Gained mutation: You are dopey. (Int -2) [potion of
                  | mutation]
 12818 | D        | Lost mutation: You are dopey. (Int -2) [potion of mutation]
 12818 | D        | Lost mutation: Your body sometimes deteriorates upon taking
                  | damage. [potion of mutation]
 12818 | D        | Gained mutation: You are partially covered in iridescent
                  | scales. (AC +2) [potion of mutation]
 12818 | D        | Gained mutation: You are strong-willed. (Will+) [potion of
                  | mutation]
 12849 | D        | Noticed an electric golem
 12857 | D        | Killed an electric golem
 12892 | D        | Reached skill level 27 in Spellcasting
 12892 | D        | Reached skill level 27 in Conjurations
 12892 | D        | Reached skill level 27 in Hexes
 12892 | D        | Reached skill level 27 in Summonings
 12892 | D        | Reached skill level 27 in Necromancy
 12892 | D        | Reached skill level 27 in Translocations
 12892 | D        | Reached skill level 27 in Transmutations
 12892 | D        | Reached skill level 27 in Fire Magic
 12892 | D        | Reached skill level 27 in Ice Magic
 12892 | D        | Reached skill level 27 in Air Magic
 12892 | D        | Reached skill level 27 in Earth Magic
 12892 | D        | Reached skill level 27 in Poison Magic
 12899 | D        | Noticed a Tzitzimitl
 12899 | D        | Noticed Antaeus
 12902 | D        | Noticed Geryon
 12904 | D        | Reached skill level 27 in Evocations
 12934 | D        | Killed a Tzitzimitl
 12935 | D        | Reached skill level 5 in Stealth
 12956 | D        | HP: 6/187 [Antaeus (44)]
 12956 | D        | Slain by Antaeus

Illustrated notes

Levels and vault maps discovered:
D:        pitsprint [storerooms_1, entrance_room_1, metal_vault_8, armoury_3,
          mini_pit_1, grid_room_1, main_hall_1, silver_pit, the_coven_1,
          the_vestibule_1, steel_vault_3, golden_pit, hallway_of_sentries,
          crystal_vault_2, iron_vault_3, final_vault]

Skill      XL: |  1  2  3  4  5  6  7  8  9 10 11 12 13 14 15 16 17 18 19 20 21 |
---------------+----------------------------------------------------------------+-----
Long Blades    | 2 3 4 6 7 9 10 11 13 14 16 17 18 23 27 | 27.0
Armour         | 4 5 6 7 8 9 10 11 12 13 26 27 | 27.0
Shields        | 4 5 6 7 8 9 11 13 15 17 18 25 27 | 27.0
Fighting       | 4 5 6 7 8 9 10 12 14 16 17 26 27 | 27.0
Dodging        | 2 4 5 6 7 8 10 13 15 16 26 27 | 27.0
Invocations    | 2 4 6 7 9 12 13 | 13.8
Stealth        | 1 5 |  5.2
Spellcasting   | 3 5 7 9 10 16 21 27 | 27.0
Conjurations   | 3 5 7 9 10 16 21 27 | 27.0
Hexes          | 3 5 7 9 10 16 21 27 | 27.0
Summonings     | 3 5 7 9 10 16 21 27 | 27.0
Necromancy     | 3 5 7 9 10 16 21 27 | 27.0
Translocations | 3 5 7 9 10 16 21 27 | 27.0
Transmutations | 3 5 7 9 10 16 21 27 | 27.0
Fire Magic     | 3 5 7 9 10 16 21 27 | 27.0
Ice Magic      | 3 5 7 9 10 16 21 27 | 27.0
Air Magic      | 3 5 7 9 10 16 21 27 | 27.0
Earth Magic    | 3 5 7 9 10 16 21 27 | 27.0
Poison Magic   | 3 5 7 9 10 16 21 27 | 27.0
Evocations     | 8 21 27 | 27.0

Action                     |  1- 3 |  4- 6 |  7- 9 | 10-12 | 13-15 | 16-18 | 19-21 || total
---------------------------+-------+-------+-------+-------+-------+-------+-------++-------
  Melee: Long sword        |    40 |    28 |    20 |       |       |       |       ||    88
         Scimitar          |       |       |    27 |   176 |   286 |    12 |    26 ||   527
         Demon blade       |       |       |       |       |     2 |       |       ||     2
         Double sword      |       |       |       |       |       |   327 |   563 ||   890
 Invoke: Slouch            |       |       |     5 |    22 |    29 |    11 |    14 ||    81
  Evoke: Condenser vane    |       |       |       |       |       |       |     2 ||     2
    Use: Potion            |       |     2 |     1 |     6 |     6 |     7 |    19 ||    41
         Scroll            |       |       |       |     2 |     2 |    11 |     4 ||    19
   Stab: Sleeping          |       |       |     1 |       |       |     4 |       ||     5
         Distracted        |       |       |       |       |     2 |     1 |     3 ||     6
         Invisible         |       |       |       |       |       |       |     8 ||     8
         Petrified         |       |       |       |       |       |       |     3 ||     3
 Armour: Scale mail        |    58 |    24 |    12 |       |       |       |       ||    94
         Ring mail         |       |       |    19 |    82 |    35 |       |       ||   136
         Ice dragon scales |       |       |       |       |    65 |    66 |       ||   131
         Plate armour      |       |       |       |       |       |     2 |   114 ||   116
  Dodge: Dodged            |    37 |    12 |    41 |   151 |   150 |    91 |   336 ||   818
  Block: Buckler           |    17 |    20 |    23 |    96 |    96 |       |       ||   252
         Reflection        |       |       |       |       |     6 |     9 |    15 ||    30
         Tower shield      |       |       |       |       |   203 |   272 |   874 ||  1349

Table legend: (Time is in decaauts) A = Elapsed time spent in this place. B = Non-inter-level travel time spent in this place. C = Inter-level travel time spent in this place. D = Time resting spent in this place. E = Time spent auto-exploring this place. F = Levels seen in this place. G = Mean time per level. A B C D E F G +--------+--------+--------+--------+--------+-----+--------+ Total | 15129 | 14863 | 266 | 8193 | 0 | 1 | 15129.0 | Dungeon | 15129 | 14863 | 266 | 8193 | 0 | 1 | 15129.0 | +--------+--------+--------+--------+--------+-----+--------+

Top non-repeatable levels by time:
       D: 15129 daAuts
